 Dungeon Crawl Stone Soup version 0.20.1-1-g8b1a95d (webtiles) character file.

212 Jukra the Chopper (level 5, -1/48 HPs)
             Began as a Minotaur Berserker on Sept 4, 2017.
             Was a Believer of Trog.
             Slain by a killer bee (5 damage)
             ... on level 3 of the Dungeon.
             The game lasted 00:05:05 (1987 turns).

Jukra the Chopper (Minotaur Berserker)              Turns: 1987, Time: 00:05:06

Health: -1/48      AC:  5    Str: 22    XL:     5   Next: 58%
Magic:  4/4        EV: 12    Int:  4    God:    Trog [**....]
Gold:   130        SH:  0    Dex: 10    Spells: 4/4 levels left

rFire    . . .     SeeInvis .   m - +0 hand axe
rCold    + . .     Gourm    .   (no shield)
rNeg     . . .     Faith    .   o - +0 ring mail
rPois    +         Spirit   .   (helmet restricted)
rElec    .         Reflect  .   (no cloak)
rCorr    .         Harm     .   (no gloves)
MR       .....                  (no boots)
Stlth    +.........             (no amulet)
Regen    0.2/turn               g - ring of poison resistance
MPRegen  0.1/turn               p - ring of protection from cold

@: lethally poisoned (-1 -> -31)
A: retaliatory headbutt, horns 2
a: Berserk, Trog's Hand, Burn Spellbooks, Renounce Religion


You were on level 3 of the Dungeon.
You worshipped Trog.
Trog was pleased with you.
You were not hungry.

You visited 1 branch of the dungeon, and saw 3 of its levels.

You collected 130 gold pieces.

Inventory:

Hand Weapons
 a - a +0 hand axe
 m - a +0 hand axe (weapon)
Armour
 b - a +0 animal skin
 l - a +0 leather armour
 n - a +0 ring mail
 o - a +0 ring mail (worn)
Jewellery
 g - a ring of poison resistance (left hand)
 p - a ring of protection from cold (right hand)
Scrolls
 d - a scroll of identify {unknown}
 e - a scroll of remove curse {unknown}
 h - 2 scrolls of magic mapping
 i - a scroll of recharging {unknown}
Potions
 f - 2 potions of curing
Comestibles
 c - a bread ration
 j - a meat ration


   Skills:
 * Level 5.0 Fighting
 * Level 5.7 Axes
 * Level 2.9 Armour
 + Level 3.0 Dodging
 - Level 1.3 Stealth


You had 4 spell levels left.
You didn't know any spells.

Dungeon Overview and Level Annotations

Branches:
Dungeon (3/15)

Altars:
Gozag
Makhleb


Innate Abilities, Weirdness & Mutations

You reflexively headbutt those who attack you in melee.
You have a pair of horns on your head.


Message History

The killer bee closely misses you. The killer bee stings you.
* * * LOW HITPOINT WARNING * * *
The killer bee closely misses you. x2; You furiously retaliate!
You headbutt the killer bee! The killer bee closely misses you.
The killer bee stings you.
* * * LOW HITPOINT WARNING * * *
The killer bee completely misses you.
You closely miss the killer bee. Your headbutt misses the killer bee.
The killer bee is severely wounded.
You hit the killer bee. x3
You kill the killer bee!
Trog accepts your kill.
Your Fighting skill increases to level 5!
* * * LOW HITPOINT WARNING * * *
You feel sick. The killer bee stings you!
* * * LOW HITPOINT WARNING * * *
You are more poisoned.
The killer bee poisons you! The killer bee barely misses you.
The killer bee stings you.
You die...

*,,** ##.....###..###.#
*,,* ##...####.## #.# *,,*
##+## #..# #.# **,.*** #.#
#.#####.# *,,..,*##### #.#
##.......#
*,,,#.##...###.###.......##
*,,,......y##...##...###.#
*,,**,*#yyy#.....#...# *,#
*,,,,,**#†@y.........#**,*
**,**** ######.###...[...*
*,* ### ##.#####* *,* #.#
*,***************#.#
*,,,,,,,,,,,,,,,,,.#
******************##


You could see 5 killer bees.

Vanquished Creatures
  A killer bee (D:3)
  A hound (D:2)
  3 adders
  4 gnolls (D:3)
  3 worms
  3 dart slugs
  2 leopard geckos
  3 orcs (D:3)
  2 ball pythons (D:2)
  4 giant cockroaches
  6 goblins
  4 hobgoblins
  A quokka (D:3)
  7 bats
  6 frilled lizards
  7 kobolds
  5 rats
62 creatures vanquished.

Notes
Turn   | Place    | Note
-------+----------+-------------------------------------------
     0 | D:1      | Jukra the Minotaur Berserker began the quest for the Orb.
     0 | D:1      | Reached XP level 1. HP: 19/19 MP: 0/0
   117 | D:1      | Reached XP level 2. HP: 16/27 MP: 1/1
   669 | D:1      | Reached XP level 3. HP: 33/33 MP: 2/2
   760 | D:2      | Reached ** piety under Trog
   908 | D:2      | Reached XP level 4. HP: 39/41 MP: 3/3
  1265 | D:2      | Reached skill level 5 in Axes
  1265 | D:2      | Reached skill level 1 in Stealth
  1299 | D:2      | Found a burning altar of Makhleb.
  1384 | D:3      | Found an opulent altar of Gozag.
  1469 | D:3      | Reached XP level 5. HP: 25/47 MP: 4/4
  1987 | D:3      | Reached skill level 5 in Fighting
  1987 | D:3      | Slain by a killer bee

Skill      XL: |  1  2  3  4  5 |
---------------+----------------+-----
Fighting       | 4 5 |  5.0
Axes           | 4 5 |  5.7
Stealth        | 1 |  1.3
Dodging        | 3 |  3.0
Armour         | |  2.9

Action                   |  1- 3 |  4- 6 || total
-------------------------+-------+-------++-------
Melee: Hand axe          |    65 |    71 ||   136
       Headbutt          |    10 |    14 ||    24
  Use: Potion            |       |     4 ||     4
       Scroll            |       |     3 ||     3
 Stab: Sleeping          |     1 |       ||     1
  Eat: Royal jelly       |       |     3 ||     3
Armor: Animal skin       |    14 |       ||    14
       Ring mail         |       |    29 ||    29
       Leather armour    |       |     2 ||     2
Dodge: Dodged            |    48 |    53 ||   101
